 Dungeon Crawl Stone Soup version 0.17-a0-2118-g63bad21 (webtiles) character file.

659542 4thArraOfDagon the Brawler (level 24, -14/229 HPs)
             Began as a Troll Hunter on Oct 19, 2015.
             Was a High Priest of Cheibriados.
             Killed from afar by a hellion (31 damage)
             ... with a burst of hellfire
             ... in Pandemonium on Oct 20, 2015.
             The game lasted 03:43:17 (23450 turns).

4thArraOfDagon the Brawler (Troll Hunter)          Turns: 23450, Time: 03:43:17

Health: -14/229    AC: 32    Str: 40    XL:     24   Next: 0%
Magic:  3/34       EV: 13    Int: 26    God:    Cheibriados [*****.]
Gold:   1670       SH: 21    Dex: 26    Spells: 10 memorised, 11 levels left

rFire  + . .     SeeInvis .       - Unarmed
rCold  + . .     Clarity  .     G - +9 armour of the Dragon King {rPois rF+ rC+ MR+}
rNeg   + . .     SustAt   .     n - +5 shield {reflect}
rPois  +         Gourm    +     F - +2 hat
rElec  +         Spirit   .     M - +1 cloak of Evolution {rElec Slay+2 Stlth-}
rCorr  .         Warding  .     (gloves unavailable)
rMut   +         Rnd*Tele +     (boots unavailable)
MR     +++..                    q - amulet of resist mutation
Stlth  ..........               k - ring of the Scavenger {rN+ MR+ Str+2}
                                o - ring "Imest" {+/*Tele Dex+5}

@: regenerating, very slow, extremely resistant to hostile enchantments,
extremely unstealthy
A: unfitting armour, claws 3, rugged brown scales 1, fast metabolism 3,
gourmand, mutation resistance 1, regeneration 2, shaggy fur 1, tough skin 2
a: Bend Time, Temporal Distortion, Slouch, Step From Time, Renounce Religion,
Evoke Teleportation
}: 9/15 runes: serpentine, barnacled, slimy, silver, golden, glowing, magical,
fiery, dark


You were in Pandemonium.
You worshipped Cheibriados.
Cheibriados was extremely pleased with you.
You were not hungry.

You visited 12 branches of the dungeon, and saw 60 of its levels.
You visited Pandemonium 1 time, and saw 19 of its levels.
You visited 1 ziggurat, and saw 9 of its levels.

You collected 4094 gold pieces.
You spent 2424 gold pieces at shops.

Inventory:

Missiles
 a - 20 large rocks (quivered)
 l - 5 throwing nets
Armour
 n - a +5 shield of reflection (worn)
 F - a +2 hat (worn)
 G - the +9 armour of the Dragon King (worn) {rPois rF+ rC+ MR+}
   (You took it off a yaktaur captain on level 5 of the Vaults)

   It protects you from fire.
   It protects you from cold.
   It protects you from poison.
   It affects your resistance to hostile enchantments.
 M - the +1 cloak of Evolution (worn) {rElec Slay+2 Stlth-}
   (You found it in Pandemonium)

   It affects your accuracy and damage with ranged weapons and melee attacks
   (+2).
   It insulates you from electricity.
   It makes you less stealthy.
Magical Staves
 j - an uncursed staff of wizardry {!a}
 H - an uncursed staff of energy {!a}
Jewellery
 b - the ring "Osemah" {+Inv rC+ Slay+3}
   (You found it on level 6 of the Pits of Slime)

   [ring of invisibility]

   It affects your accuracy and damage with ranged weapons and melee attacks
   (+3).
   It protects you from cold.
   It lets you turn invisible.
 c - the amulet "Oschoxomp" {MR+ Regen+}
   (You bought it in a shop on level 1 of the Vaults)

   [amulet of regeneration]

   It affects your resistance to hostile enchantments.
   It increases your rate of regeneration.
 f - the ring "Giskiyba" {rN+ Int+2}
   (You found it on level 3 of the Crypt)

   [ring of positive energy]

   It affects your intelligence (+2).
   It protects you from negative energy.
 i - an uncursed ring of protection from fire
 k - the ring of the Scavenger (right claw) {rN+ MR+ Str+2}
   (You found it in Pandemonium)

   [ring of protection from magic]

   It affects your strength (+2).
   It protects you from negative energy.
   It affects your resistance to hostile enchantments.
 o - the ring "Imest" (left claw) {+/*Tele Dex+5}
   (You found it in Pandemonium)

   [ring of teleportation]

   It may teleport you to nearby monsters, and can be evoked to randomly
   teleport.
   It affects your dexterity (+5).
 q - an amulet of resist mutation (around neck)
 t - the ring of the Scarab {rN+ MR- Dex+6}
   (You found it on level 3 of the Crypt)

   [ring of positive energy]

   It affects your dexterity (+6).
   It protects you from negative energy.
   It affects your resistance to hostile enchantments.
 u - an uncursed amulet of resist corrosion
 y - an uncursed amulet of warding
 D - an uncursed amulet of clarity
 V - the ring "Detuewn" {Ice Int+5}
   (You took it off a tengu reaver on level 5 of the Vaults)

   [ring of ice]

   It enhances your ice magic, and weakens your fire magic.
   It affects your intelligence (+5).
   It makes you vulnerable to fire.
   It protects you from cold.
 W - the ring "Seam" {rPois Slay+4}
   (You took it off a deep elf death mage on level 3 of the Elven Halls)

   [ring of slaying]

   It affects your accuracy and damage with ranged weapons and melee attacks
   (+4).
   It protects you from poison.
 X - the ring of Vukhiqyi {*Corrode +Blink rElec rC+ SInv}
   (You took it off a deep elf death mage on level 3 of the Elven Halls)

   [ring of protection from cold]

   It protects you from cold.
   It insulates you from electricity.
   It lets you see invisible.
   It lets you blink.
   It may corrode your equipment when you take damage.
Wands
 E - a wand of disintegration (11)
 J - a wand of disintegration (7)
 Q - a wand of heal wounds (4)
 Y - a wand of teleportation (3)
Scrolls
 h - 4 scrolls of recharging
 m - 5 scrolls of identify
 r - 11 scrolls of remove curse
 I - 2 scrolls of silence
 N - 2 scrolls of summoning
 P - a scroll of holy word
 R - 5 scrolls of teleportation
 T - 3 scrolls of magic mapping
Potions
 d - 11 potions of curing
 v - a potion of resistance
 w - 2 potions of brilliance
 A - 2 potions of might
 K - a potion of ambrosia
 L - 3 potions of agility
 S - a potion of heal wounds
 U - 4 potions of flight
 Z - 6 potions of lignification
Miscellaneous
 g - a box of beasts {used: 2}
 p - a fan of gales
 z - a phial of floods
 B - a phantom mirror
 O - a lamp of fire
Comestibles
 e - 18 bread rations
 x - 21 meat rations


   Skills:
 - Level 10.0 Fighting
 - Level 3.6 Throwing
 - Level 6.4 Armour
 - Level 10.3 Dodging
 - Level 0.4 Stealth
 - Level 15.0 Shields
 - Level 18.1 Unarmed Combat
 - Level 8.3 Spellcasting
 - Level 6.2 Charms
 - Level 7.6 Necromancy
 - Level 9.7 Translocations
 * Level 4.4 Transmutations
 * Level 5.3 Earth Magic
 - Level 17.3 Invocations
 - Level 10.1 Evocations


You had 11 spell levels left.
You knew the following spells:

 Your Spells              Type           Power        Failure   Level  Hunger
a - Cure Poison           Pois           ##........   95%         2    None
b - Stoneskin             Trmt/Erth      #####...     21%         2    None
c - Apportation           Tloc           ######....   1%          1    None
d - Blink                 Tloc           N/A          2%          2    None
e - Passage of Golubria   Tloc           N/A          17%         4    ##.....
f - Repel Missiles        Chrm/Air       ####..       38%         2    None
g - Regeneration          Chrm/Necr      #####.....   14%         3    None
h - Animate Skeleton      Necr           N/A          4%          1    None
i - Phase Shift           Tloc           ######....   50%         5    ####...
j - Statue Form           Trmt/Erth      #####....    100%        6    ######.


Dungeon Overview and Level Annotations

Branches:
Dungeon (15/15)            Temple (1/1) D:6            Lair (8/8) D:10
 Shoals (4/4) Lair:3        Snake (4/4) Lair:4        Slime (6/6) Lair:6
    Orc (4/4) D:9             Elf (3/3) Orc:3        Vaults (5/5) D:13
  Crypt (3/3) Vaults:2       Tomb (3/3) Crypt:3      Depths (4/5) D:15

Altars:
Cheibriados
Dithmenos
Elyvilon
Fedhas
Gozag
Kikubaaqudgha
Makhleb
Nemelex Xobeh
Okawaru
Ru
Sif Muna
Trog
Vehumet
Yredelemnul
Zin
The Shining One
Beogh
Jiyva
Lugonu

Shops:
D:5 (   D:10 [?   Orc:4 (!(}   Elf:2 ?   Shoals:3 (   Vaults:1 =   Vaults:2 =

Portals:
Abyss: Depths:3
Pandemonium: Depths:3

Annotations:
D:10 LAIR
Shoals:4 Ilsuiw
Depths:4 Saint Roka


Innate Abilities, Weirdness & Mutations

You are too large for most types of armour.
You have claws for hands.
Your metabolism is lightning-fast.
You like to eat raw meat.
You heal very quickly.
You are covered in fur (AC +1).
You have very tough skin (AC +2).
You are partially covered in rugged brown scales (AC +1, +3% HP).
You are somewhat resistant to further mutation.


Message History

Lyesch is severely wounded.
Lyesch hits you!
* * * LOW HITPOINT WARNING * * *
Lyesch burns you.
* * * LOW HITPOINT WARNING * * *
Unknown command.
Unknown command.
Unknown command.
Unknown command.
Use which ability?
You can feel time thicken for a moment.
You feel somewhat more hungry.
Cheibriados reduces the support of your attributes as your movement quickens.
Lyesch closely misses you. The hellion gestures at you.
The hellfire explodes!
The burst of hellfire engulfs you!
* * * LOW HITPOINT WARNING * * *
The burst of hellfire engulfs Lyesch.
Lyesch hits you but does no damage. The hellion gestures at you.
The hellfire explodes!
The burst of hellfire engulfs you!
You die...

≈§§§§§≈.#.#
§§§§≈≈≈.#.#
§§.≈≈§≈...#
:..§§≈§≈..#
..2§§≈≈≈.§#####
[.§§§≈≈........
..§≈≈≈..)..#
≈≈≈§§§&@#
≈≈≈§≈§.....∩#
≈≈§...#.....#
≈§§..##(#.#.#
####. ....# # .
..... # ... !.
......#.


You could see Lyesch and a hellion.

Vanquished Creatures
  Ignacio (Pan)
  Mnoleg (Pan)
  2 ancient liches
  Boris (Tomb:2)
  A golden dragon (Vaults:5)
  A pearl dragon (Zig:4)
  3 bone dragons
  A Brimstone Fiend (Pan)
  4 liches
  4 tentacled monstrosities
  Asterion (Vaults:1)
  10 titans (Vaults:5)
  The ghost of brucemayne the Executioner, an adept HOBe of Trog (Slime:6)
  A Shadow Fiend (Pan)
  2 deep elf master archers (Elf:3)
  2 deep elf blademasters (Elf:3)
  4 quicksilver dragons (Vaults:5)
  4 Executioners (Pan)
  13 acid blobs
  3 ancient champions
  6 sphinxes
  2 shadow dragons (Vaults:5)
  Kirke (Orc:3)
  A greater naga (Zig:7)
  2 storm dragons (Vaults:5)
  A fire giant (Vaults:5)
  2 revenants
  6 azure jellies
  2 daevas (Pan)
  8 tengu reavers
  Donald (Snake:1)
  6 deep elf sorcerers
  2 draconian knights
  5 frost giants
  9 cacodemons
  3 curse skulls
  10 vault wardens
  9 balrugs (Pan)
  An orc warlord (Orc:4)
  13 ironheart preservers
  A juggernaut skeleton (Zig:6)
  2 draconian annihilators
  A reaper (Zig:8)
  6 very ugly things
  A vampire knight (Zig:9)
  An ophan (Zig:4)
  4 apis (Pan)
  3 lorocyprocas (Pan)
  5 deep elf demonologists (Elf:3)
  3 blood saints
  7 stone giants
  The ghost of altaj the Nimble, a journeyman OpAs of Nemelex Xobeh (Lair:8)
  2 chaos champions (Pan)
  2 salamander stormcallers (Vaults:5)
  10 deep elf annihilators
  7 eidola
  7 blizzard demons (Pan)
  8 ettins
  3 merfolk javelineers (Shoals:4)
  2 death oozes
  4 merfolk impalers
  3 green deaths (Pan)
  4 mummy priests
  12 deep elf death magi
  A quicksilver dragon zombie (Crypt:3)
  11 yaktaur captains
  29 vault guards
  9 great orbs of eyes
  2 fire dragons
  A jiangshi (Vaults:2)
  4 deep elf high priests
  An entropy weaver (shapeshifter) (Vaults:5)
  5 hydras
  Harold (Orc:2)
  2 ice dragons
  A monstrous demonspawn (Pan)
  5 naga warriors (Snake:3)
  2 rakshasas
  An anaconda (shapeshifter) (Vaults:4)
  2 catoblepae (Lair:8)
  10 large abominations
  2 alligator snapping turtles (Shoals:4)
  2 hell beasts (Pan)
  3 merfolk avatars
  An anaconda (Snake:4)
  A death knight (Zig:9)
  2 merfolk aquamancers
  2 centaur warriors
  6 deep troll shamans
  4 dancing weapons (Elf:2)
  3 deep troll earth magi
  2 death yaks (Lair:8)
  A tengu warrior (D:15)
  A satyr (Shoals:4)
  9 ogre magi
  5 orc high priests
  2 vampire magi (Crypt:2)
  3 shock serpents
  5 naga sharpshooters
  Urug (Lair:2)
  7 soul eaters
  21 sun demons (Pan)
  8 deep elf knights
  An iron troll (Depths:3)
  A small abomination (Elf:3)
  A shadow wraith (Zig:9)
  2 fire crabs
  33 death scarabs
  A shadow demon (Zig:8)
  10 sea snakes
  4 skeletal warriors
  A sea snake (shapeshifter) (D:15)
  4 anubis guards
  An unseen horror (D:11)
  3 ice devils
  2 flayed ghosts
  11 harpies
  6 wizards
  16 deep trolls
  An obsidian statue (Zig:5)
  8 deep elf summoners
  A gelid demonspawn (Pan)
  10 ironbrand convokers
  A putrid demonspawn (Depths:3)
  2 necromancers
  3 cherubim (Zig:4)
  A torturous demonspawn (Depths:3)
  A shadow dragon zombie (Zig:6)
  3 hill giants
  A golden dragon skeleton (Zig:6)
  A lindwurm (Lair:8)
  3 naga ritualists
  3 oklob plants (Zig:8)
  8 phantasmal warriors
  3 wolf spider zombies
  10 orc knights
  A wolf spider (shapeshifter) (D:13)
  7 shining eyes
  6 deep elf conjurers
  An iron dragon zombie (Crypt:3)
  3 mana vipers
  A mana viper (shapeshifter) (D:13)
  6 wolf spiders
  A frost giant zombie (Crypt:3)
  A tengu skeleton (Zig:8)
  5 orc sorcerers
  7 manticores
  10 griffons
  19 ugly things
  21 sixfirhies (Pan)
  A stone giant zombie (Crypt:2)
  A fire giant zombie (Crypt:3)
  A glowing shapeshifter (Vaults:5)
  7 fauns
  7 cyclopes
  6 vault sentinels
  12 smoke demons (Pan)
  2 guardian serpents
  4 salamanders (Snake:3)
  A guardian serpent (shapeshifter) (Vaults:3)
  6 water nymphs
  A dire elephant zombie (Crypt:3)
  A frost giant skeleton (Zig:8)
  A shock serpent zombie (Crypt:3)
  12 black mambas
  8 sirens
  Joseph (D:9)
  2 apis skeletons (Crypt:2)
  A stone giant skeleton (Zig:8)
  A torpor snail (shapeshifter) (Vaults:5)
  A gargoyle (D:13)
  7 torpor snails (Lair:8)
  7 orange demons (Pan)
  A rust devil (Pan)
  8 naga magi
  6 centaur skeletons
  An eye of devastation (Slime:2)
  17 hellions
  14 spiny frogs
  2 fire drakes (Lair:8)
  A catoblepas zombie (Crypt:3)
  2 efreet (Pan)
  15 guardian mummies
  8 hellwings (Pan)
  2 tormentors (Pan)
  21 yaktaurs
  A red devil (Pan)
  A harpy zombie (D:15)
  9 deep elf priests
  A kobold demonologist (D:13)
  2 giant leeches (Lair:8)
  A green draconian skeleton (Crypt:2)
  4 komodo dragons
  A fire drake (shapeshifter) (Vaults:3)
  7 freezing wraiths
  11 two-headed ogres
  2 polar bears (shapeshifter)
  3 polar bears (Lair:6)
  22 merfolk
  2 blue devils (Pan)
  61 slime creatures
  4 trolls
  3 boulder beetles
  A boulder beetle (shapeshifter) (Vaults:1)
  2 ettin zombies (Crypt:3)
  2 ice dragon zombies (Crypt:3)
  2 raiju (Zig:5)
  2 spriggan zombies
  7 blink frogs
  11 deep elf magi
  2 redbacks (Vaults:4)
  3 shadows
  13 flying skulls
  4 snapping turtles
  31 yaks
  A vampire (Zig:8)
  A spriggan skeleton (Zig:6)
  4 wraiths
  A centaur simulacrum (D:13)
  8 ynoxinuls
  A yak (shapeshifter) (Vaults:4)
  A black mamba zombie (Crypt:3)
  4 water elementals (Shoals:1)
  6 hogs (Orc:3)
  4 basilisks
  5 golden eyes (Slime:6)
  7 wolves
  A hippogriff (shapeshifter) (D:15)
  6 hippogriffs
  2 hungry ghosts
  12 neqoxecs (Pan)
  5 chaos spawn (Pan)
  5 water moccasins
  22 deep elf fighters
  A vampire mosquito (Vaults:3)
  4 wargs
  A mottled dragon (Vaults:2)
  A putrid demonspawn skeleton (Crypt:2)
  2 ice beasts
  23 nagas
  A spiny frog zombie (Tomb:1)
  2 necrophages
  A soldier ant (D:11)
  49 orc warriors
  A swamp drake (D:10)
  3 phantoms
  A black bear (D:13)
  3 wasps (Lair:8)
  5 centaurs
  6 eyes of draining
  A porcupine (Lair:3)
  An elephant skeleton (Crypt:2)
  40 ogres
  2 boggarts (Vaults:3)
  10 crocodiles
  3 big kobolds
  10 giant frogs
  4 brain worms (Lair:8)
  A gnoll sergeant (D:10)
  6 wyvern skeletons
  8 killer bees
  A vampire bat (Orc:2)
  2 scorpions
  3 wights (D:15)
  8 crimson imps
  3 centaur zombies
  9 starcursed masses (Zig:5)
  A giant frog zombie (D:8)
  25 jellies
  4 hounds
  9 iguanas
  28 orc wizards
  A giant frog skeleton (D:9)
  6 human skeletons (Vaults:1)
  33 orc priests
  6 worker ants
  A lightning spire (Zig:9)
  12 sheep
  A hound zombie (D:9)
  A hound skeleton (D:9)
  12 mummies
  Robin (D:2)
  2 adders
  8 gnolls
  36 river rats
  A shadow imp (Temple)
  A steam dragon skeleton (Crypt:2)
  7 oozes
  17 worms (Lair:8)
  4 giant geckos
  183 orcs
  A ball python (D:1)
  6 giant cockroaches
  8 goblins (D:2)
  2 hobgoblins (D:2)
  4 jackals (D:2)
  17 kobolds
  A quokka (D:9)
  8 bats
  2 giant newts (D:1)
  A kobold zombie (Crypt:3)
  An orc zombie (Crypt:3)
  A quokka skeleton (D:6)
  2 quokka zombies
  3 rats
  2 crawling corpses (Elf:3)
  4 plants
1852 creatures vanquished.

Vanquished Creatures (collateral kills)
  the royal jelly (Slime:6)
  A stone giant (Depths:3)
  A death ooze (Slime:6)
  A deep troll (Depths:3)
  A shining eye (Slime:6)
  2 slime creatures
7 creatures vanquished.

Vanquished Creatures (others)
  3 eldritch tentacles
  A fire giant (Vaults:4)
  2 cacodemons (Pan)
  A draconian annihilator (Pan)
  A blood saint (Pan)
  2 green deaths (Pan)
  2 blizzard demons (Pan)
  A yaktaur captain (Vaults:5)
  5 rakshasas (Pan)
  A deep elf high priest (Vaults:5)
  A centaur warrior (Vaults:2)
  A soul eater (Pan)
  29 death scarabs (Tomb:2)
  7 ball lightnings (Pan)
  A gelid demonspawn (Pan)
  A putrid demonspawn (Pan)
  5 wizards (Pan)
  A vault sentinel (Vaults:3)
  A smoke demon (Pan)
  11 yaktaurs
  A hellwing (Pan)
  A hydra zombie (Tomb:2)
  An ice dragon skeleton (Tomb:3)
  4 flying skulls
  A chaos spawn (Pan)
  2 neqoxecs (Pan)
  2 large abominations (Pan)
  An ogre (Vaults:5)
  A centaur (D:15)
  An orc wizard (Orc:2)
  A naga zombie (Tomb:2)
  4 mummies (Tomb:2)
  3 orcs
  A goblin (D:2)
  A block of ice (Pan)
  2 crawling corpses (Elf:3)
  260 eldritch tentacle segments
  A fire vortex (Pan)
  10 fungi
  A lost soul (Crypt:3)
  27 plants
403 creatures vanquished.

Grand Total: 2262 creatures vanquished

Notes
Turn   | Place    | Note
--------------------------------------------------------------
     0 | D:1      | 4thArraOfDagon the Troll Hunter began the quest for the Orb.
     0 | D:1      | Reached XP level 1. HP: 19/19 MP: 0/0
    14 | D:1      | Reached skill level 1 in Unarmed Combat
   157 | D:1      | Reached XP level 2. HP: 27/27 MP: 1/1
   284 | D:2      | Found a radiant altar of Vehumet.
   284 | D:2      | Found a burning altar of Makhleb.
   350 | D:2      | Noticed Robin
   373 | D:2      | Killed Robin
   373 | D:2      | Reached XP level 3. HP: 17/33 MP: 2/2
   504 | D:4      | Found an iron altar of Okawaru.
   529 | D:5      | Entered Level 5 of the Dungeon
   533 | D:5      | Found a glowing golden altar of the Shining One.
   537 | D:5      | Found a white marble altar of Elyvilon.
   549 | D:5      | Found Ozxio's Antique Weapon Emporium.
   577 | D:6      | Noticed a giant frog
   591 | D:6      | Killed a giant frog
   591 | D:6      | Reached skill level 4 in Unarmed Combat
   591 | D:6      | Reached XP level 4. HP: 28/41 MP: 3/3
   596 | D:6      | Reached XP level 5. HP: 30/48 MP: 4/4
   602 | D:6      | Reached skill level 5 in Unarmed Combat
   767 | D:6      | Found a staircase to the Ecumenical Temple.
   777 | Temple   | Entered the Ecumenical Temple
   834 | Temple   | Became a worshipper of Cheibriados the Contemplative
  1065 | D:7      | Noticed a phantom
  1089 | D:8      | Reached skill level 1 in Shields
  1089 | D:8      | Reached XP level 6. HP: 57/57 MP: 5/5
  1136 | D:8      | Noticed a cyclops
  1199 | D:9      | Found a staircase to the Orcish Mines.
  1216 | D:9      | Reached skill level 1 in Invocations
  1250 | D:9      | Reached * piety under Cheibriados
  1284 | D:9      | Reached skill level 6 in Unarmed Combat
  1289 | D:9      | Reached XP level 7. HP: 63/65 MP: 5/7
  1353 | D:9      | Noticed Joseph
  1384 | D:9      | Killed Joseph
  1384 | D:9      | Reached XP level 8. HP: 50/74 MP: 8/8
  1437 | D:9      | Reached skill level 7 in Unarmed Combat
  1533 | D:8      | Reached ** piety under Cheibriados
  1590 | D:9      | Learned a level 2 spell: Cure Poison
  1765 | D:10     | Entered Level 10 of the Dungeon
  1765 | D:10     | Found Vyasummo's Armour Emporium.
  1800 | D:10     | Reached skill level 8 in Unarmed Combat
  1807 | D:10     | Reached skill level 5 in Shields
  1807 | D:10     | Reached XP level 9. HP: 32/83 MP: 10/10
  1877 | D:10     | Found Otesaompi's Magic Scroll Emporium.
  1909 | D:10     | Bought a scroll of identify for 30 gold pieces
  1909 | D:10     | Bought a scroll of identify for 30 gold pieces
  1909 | D:10     | Bought a scroll of remove curse for 45 gold pieces
  1933 | D:10     | Reached *** piety under Cheibriados
  2006 | D:10     | Noticed a centaur skeleton
  2020 | D:10     | Killed a centaur skeleton
  2059 | D:10     | Noticed a cyclops
  2073 | D:10     | Killed a cyclops
  2073 | D:10     | Reached skill level 9 in Unarmed Combat
  2297 | D:11     | Noticed a cyclops
  2318 | D:11     | Killed a cyclops
  2318 | D:11     | Reached XP level 10. HP: 82/94 MP: 12/12
  2447 | D:11     | Noticed a centaur skeleton
  2453 | D:11     | Killed a centaur skeleton
  2457 | D:11     | Reached **** piety under Cheibriados
  2516 | D:11     | Noticed a seven-headed hydra
  2532 | D:11     | Identified 2 scrolls of acquirement
  2546 | D:11     | :(
  2629 | D:12     | Reached skill level 5 in Invocations
  2813 | D:12     | Noticed a hill giant
  2829 | D:12     | Killed a hill giant
  2829 | D:12     | Reached skill level 5 in Fighting
  2829 | D:12     | Reached skill level 10 in Unarmed Combat
  2829 | D:12     | Reached skill level 1 in Evocations
  2986 | D:11     | Noticed an unseen horror
  2992 | D:11     | Killed an unseen horror
  3025 | D:11     | Noticed a kobold demonologist
  3244 | D:12     | Noticed a six-headed hydra
  3257 | D:11     | Noticed a skeletal warrior
  3257 | D:11     | Noticed a skeletal warrior
  3414 | Orc:1    | Entered Level 1 of the Orcish Mines
  3467 | Orc:1    | Reached XP level 11. HP: 104/104 MP: 14/14
  3475 | Orc:1    | Reached ***** piety under Cheibriados
  3712 | Orc:3    | Found a staircase to the Elven Halls.
  3719 | Orc:2    | Noticed Harold
  3730 | Orc:2    | Killed Harold
  4042 | Orc:4    | Entered Level 4 of the Orcish Mines
  4132 | Orc:4    | Reached ****** piety under Cheibriados
  4428 | Orc:4    | Reached skill level 11 in Unarmed Combat
  4565 | Orc:4    | Found Ysumowia's Antique Weapon Emporium.
  4625 | Orc:4    | Found Naczuafecw's Distillery.
  4643 | Orc:4    | Bought a potion of mutation for 32 gold pieces
  4643 | Orc:4    | Bought a potion of degeneration for 13 gold pieces
  4643 | Orc:4    | Bought a potion of agility for 52 gold pieces
  4643 | Orc:4    | Bought a potion of heal wounds for 65 gold pieces
  4644 | Orc:4    | Gained mutation: Your body sometimes deteriorates upon taking damage. [potion of mutation]
  4644 | Orc:4    | Gained mutation: You can breathe flames. [potion of mutation]
  4644 | Orc:4    | Gained mutation: You evolve. [potion of mutation]
  4656 | Orc:4    | Found a roughly hewn altar of Beogh.
  4731 | Orc:4    | Noticed an orc high priest
  4825 | Orc:4    | Killed an orc high priest
  4861 | Orc:4    | Noticed an orc high priest
  4874 | Orc:4    | Killed an orc high priest
  4877 | Orc:4    | Found Impotaf's Weapon Shop.
  4912 | Orc:4    | Noticed an orc warlord
  4929 | Orc:4    | Reached XP level 12. HP: 93/114 MP: 15/15
  4975 | Orc:4    | Killed an orc warlord
  5016 | Orc:4    | Found a roughly hewn altar of Beogh.
  5094 | Orc:4    | Noticed an orc high priest
  5121 | Orc:4    | Found Yceoh's Gadget Emporium.
  5126 | Orc:4    | Killed an orc high priest
  5562 | Orc:4    | Bought a wand of heal wounds (5) for 864 gold pieces
  5630 | Elf:1    | Entered Level 1 of the Elven Halls
  5630 | Elf:1    | Noticed Kirke
  5674 | Elf:1    | Noticed a sphinx
  5746 | Orc:3    | Killed Kirke
  5746 | Orc:3    | Reached skill level 5 in Dodging
  5746 | Orc:3    | Reached skill level 12 in Unarmed Combat
  5894 | Elf:1    | Gained mutation: You can breathe fire. [evolution]
  5914 | Elf:2    | Noticed a deep elf annihilator
  5917 | Elf:2    | Killed a deep elf annihilator
  6005 | Elf:3    | Entered Level 3 of the Elven Halls
  6091 | Elf:3    | Noticed a deep elf high priest
  6103 | Elf:3    | Noticed a deep elf demonologist
  6108 | Elf:3    | Killed a deep elf high priest
  6109 | Elf:3    | Killed a deep elf demonologist
  6109 | Elf:3    | Reached skill level 10 in Shields
  6161 | Elf:3    | Noticed a deep elf death mage
  6162 | Elf:3    | Noticed a deep elf annihilator
  6171 | Elf:3    | Killed a deep elf death mage
  6174 | Elf:3    | Noticed a deep elf high priest
  6176 | Elf:3    | Noticed a deep elf death mage
  6177 | Elf:3    | Killed a deep elf annihilator
  6177 | Elf:3    | Reached XP level 13. HP: 115/124 MP: 17/17
  6184 | Elf:3    | Noticed a deep elf sorcerer
  6184 | Elf:3    | Killed a deep elf death mage
  6190 | Elf:3    | Killed a deep elf sorcerer
  6191 | Elf:3    | Killed a deep elf high priest
  6247 | Elf:3    | Noticed a deep elf demonologist
  6249 | Elf:3    | Noticed a Hell Sentinel
  6256 | Elf:3    | Killed a deep elf demonologist
  6258 | Elf:3    | Noticed a deep elf demonologist
  6272 | Elf:3    | Killed a deep elf demonologist
  6305 | Elf:3    | Noticed a deep elf demonologist
  6391 | Elf:3    | Noticed a deep elf annihilator
  6410 | Elf:3    | Killed a deep elf annihilator
  6410 | Elf:3    | Reached skill level 13 in Unarmed Combat
  6495 | Elf:3    | Noticed a deep elf master archer
  6509 | Elf:3    | Killed a deep elf master archer
  6591 | Elf:3    | Noticed a deep elf blademaster
  6604 | Elf:3    | Killed a deep elf blademaster
  6633 | Elf:3    | Gained mutation: You have a pair of small antennae on your head. [evolution]
  6645 | Elf:3    | Noticed a deep elf annihilator
  6659 | Elf:3    | Killed a deep elf annihilator
  6819 | Elf:3    | Got a steaming robe
  6820 | Elf:3    | Identified the cursed +0 robe of the Pits of Slime {rPois Int+3 Dex+3} (You found it on level 3 of the Elven Halls)
  6956 | Elf:2    | Found a deep blue altar of Sif Muna.
  7035 | Elf:2    | Found Saemegg's Magic Scroll Shoppe.
  7057 | Elf:2    | Reached XP level 14. HP: 110/135 MP: 19/19
  7086 | Elf:2    | Bought a scroll of magic mapping for 56 gold pieces
  7086 | Elf:2    | Bought a scroll of blinking for 120 gold pieces
  7086 | Elf:2    | Bought a scroll of magic mapping for 56 gold pieces
  7086 | Elf:2    | Bought a scroll of teleportation for 48 gold pieces
  7086 | Elf:2    | Bought a scroll of teleportation for 48 gold pieces
  7086 | Elf:2    | Bought a scroll of immolation for 56 gold pieces
  7116 | Elf:2    | Found a huge runed gate.
  7116 | Elf:2    | Found a huge runed gate.
  7116 | Elf:2    | Found a huge runed gate.
  7116 | Elf:2    | Found a huge runed gate.
  7116 | Elf:2    | Found a huge runed gate.
  7334 | Elf:3    | Noticed a deep elf sorcerer
  7342 | Elf:3    | Killed a deep elf sorcerer
  7345 | Elf:3    | Noticed a deep elf death mage
  7353 | Elf:3    | Killed a deep elf death mage
  7361 | Elf:3    | Got a crystal spear {pierce}
  7381 | Elf:3    | Identified the +5 spear of Xoanutur {pierce, rF++ rC- Str+5} (You took it off a deep elf mage on level 3 of the Elven Halls)
  7387 | Elf:3    | Noticed a deep elf death mage
  7400 | Elf:3    | Killed a deep elf death mage
  7400 | Elf:3    | Reached skill level 14 in Unarmed Combat
  7401 | Elf:3    | Noticed a deep elf annihilator
  7412 | Elf:3    | Killed a deep elf annihilator
  7414 | Elf:3    | Noticed a deep elf death mage
  7424 | Elf:3    | Killed a deep elf death mage
  7450 | Elf:3    | Got a smoking brass ring
  7456 | Elf:3    | Identified the ring of Vukhiqyi {*Corrode +Blink rElec rC+ SInv} (You took it off a deep elf death mage on level 3 of the Elven Halls)
  7471 | Elf:3    | Noticed a deep elf master archer
  7491 | Elf:3    | Killed a deep elf master archer
  7526 | Elf:3    | Noticed a deep elf death mage
  7543 | Elf:3    | Killed a deep elf death mage
  7581 | Elf:3    | Noticed a deep elf annihilator
  7593 | Elf:3    | Killed a deep elf annihilator
  7606 | Elf:3    | Noticed a deep elf annihilator
  7608 | Elf:3    | Noticed a deep elf demonologist
  7608 | Elf:3    | Noticed a deep elf death mage
  7624 | Elf:3    | Killed a deep elf annihilator
  7699 | Elf:3    | Killed a deep elf death mage
  7704 | Elf:3    | Killed a ghostly deep elf death mage
  7705 | Elf:3    | Noticed an Ice Fiend
  7706 | Elf:3    | Killed a deep elf demonologist
  7729 | Elf:3    | Noticed a deep elf sorcerer
  7732 | Elf:3    | Killed a deep elf sorcerer
  7734 | Elf:3    | Got a flickering marble ring
  7738 | Elf:3    | Identified the ring "Seam" {rPois Slay+4} (You took it off a deep elf death mage on level 3 of the Elven Halls)
  7763 | Elf:3    | Noticed a deep elf sorcerer
  7773 | Elf:3    | Killed a deep elf sorcerer
  7774 | Elf:3    | Noticed a deep elf death mage
  7786 | Elf:3    | Killed a deep elf death mage
  7813 | Elf:3    | Noticed a deep elf blademaster
  7822 | Elf:3    | Killed a deep elf blademaster
  7826 | Elf:3    | Noticed a Hell Sentinel
  7827 | Elf:3    | Killed a deep elf demonologist
  7888 | Elf:3    | Noticed a deep elf annihilator
  7907 | Elf:3    | Killed a deep elf annihilator
  7937 | Elf:3    | Learned a level 2 spell: Stoneskin
  7947 | Elf:3    | Identified Olgreb's Grimoire of Contamination (You found it on level 3 of the Elven Halls)
  7987 | Elf:3    | Identified the Incunabulum of Calling
  8042 | Elf:3    | Identified the Reference Book on Protection (You found it on level 3 of the Elven Halls)
  8274 | D:10     | Bought a scroll of remove curse for 45 gold pieces
  8299 | D:10     | Noticed a komodo dragon
  8305 | D:10     | Killed a komodo dragon
  8315 | D:10     | Found a staircase to the Lair.
  8344 | Lair:1   | Entered Level 1 of the Lair of Beasts
  8481 | Lair:3   | Found a staircase to the Shoals.
  8584 | Lair:3   | Reached skill level 1 in Armour
  8642 | Shoals:1 | Entered Level 1 of the Shoals
  8651 | Shoals:1 | Reached XP level 15. HP: 127/145 MP: 21/21
  9158 | Shoals:3 | Found Xympulyr's Antique Weapon Shop.
  9261 | Shoals:3 | Reached skill level 15 in Unarmed Combat
  9391 | Shoals:4 | Entered Level 4 of the Shoals
  9394 | Shoals:4 | Noticed Ilsuiw
  9418 | Shoals:4 | Gained mutation: You have sharp toenails. [evolution]
  9989 | Shoals:4 | Reached skill level 5 in Armour
 10027 | Shoals:4 | Reached XP level 16. HP: 79/156 MP: 22/22
 10151 | Shoals:4 | Got a barnacled rune of Zot
 10467 | Lair:4   | Found a staircase to the Snake Pit.
 10490 | Snake:1  | Entered Level 1 of the Snake Pit
 10646 | Snake:4  | Entered Level 4 of the Snake Pit
 10745 | Snake:4  | Identified a +1 rod of inaccuracy (10/10) (You found it on level 4 of the Snake Pit)
 10759 | Snake:4  | Got a serpentine rune of Zot
 11000 | Snake:3  | Reached skill level 16 in Unarmed Combat
 11197 | Snake:1  | Noticed Donald
 11216 | Snake:1  | Killed Donald
 11218 | Snake:1  | Gained mutation: You are partially covered in yellow scales (AC +2). [potion of beneficial mutation]
 11280 | Lair:4   | Learned a level 1 spell: Apportation
 11283 | Lair:4   | Learned a level 2 spell: Blink
 11288 | Lair:4   | Learned a level 4 spell: Passage of Golubria
 11429 | Lair:6   | Learned a level 2 spell: Repel Missiles
 11435 | Lair:6   | Found a viscous altar of Jiyva.
 11435 | Lair:6   | Found a staircase to the Slime Pits.
 11648 | Lair:8   | Entered Level 8 of the Lair of Beasts
 11760 | Lair:8   | Noticed altaj's ghost (journeyman OpAs)
 11768 | Lair:8   | Killed altaj's ghost
 11822 | Lair:8   | Reached skill level 10 in Fighting
 11944 | Lair:8   | Found a runed door.
 11982 | Lair:8   | Gained mutation: You have a beak for a mouth. [evolution]
 12182 | Lair:8   | Reached XP level 17. HP: 151/166 MP: 23/23
 12367 | Slime:1  | Entered Level 1 of the Pits of Slime
 12618 | Slime:6  | Entered Level 6 of the Pits of Slime
 12618 | Slime:6  | Noticed brucemayne's ghost (adept HOBe)
 12842 | Slime:2  | Reached skill level 17 in Unarmed Combat
 13069 | Slime:5  | Gained mutation: Potions and wands are less effective at restoring your health. [a shining eye]
 13155 | Slime:6  | Killed brucemayne's ghost
 13210 | Slime:6  | Noticed the royal jelly
 13219 | Slime:6  | Reached skill level 10 in Dodging
 13233 | Slime:6  | Paralysed by a great orb of eyes for 2 turns
 13270 | Slime:6  | Found a viscous altar of Jiyva.
 13352 | Slime:6  | Killed the royal jelly
 13377 | Slime:6  | Reached XP level 18. HP: 73/174 MP: 24/24
 13390 | Slime:6  | Got a sparkling lapis lazuli ring
 13424 | Slime:6  | Identified the ring "Osemah" {+Inv rC+ Slay+3} (You found it on level 6 of the Pits of Slime)
 13428 | Slime:6  | Got a warped crystal amulet
 13439 | Slime:6  | Identified the amulet of the Countless Orbs {Spirit MP+9 Stlth+} (You found it on level 6 of the Pits of Slime)
 13469 | Slime:6  | Got a slimy rune of Zot
 13483 | Slime:6  | Reached skill level 15 in Shields
 13603 | Slime:6  | Gained mutation: Your magical capacity is low (-10% MP). [a shining eye]
 13608 | Slime:6  | Reached skill level 18 in Unarmed Combat
 13767 | Lair:2   | Noticed Urug
 13774 | Lair:2   | Killed Urug
 13946 | D:13     | Noticed a hill giant
 13948 | D:13     | Killed a hill giant
 13984 | D:13     | Noticed a six-headed hydra
 13994 | D:13     | Killed a six-headed hydra
 14052 | D:13     | Found a gate to the Vaults.
 14052 | D:13     | Noticed a mana viper
 14053 | D:13     | Noticed a sea snake
 14053 | D:13     | a sea snake changed into an anaconda
 14062 | D:13     | Killed a mana viper
 14062 | D:13     | Reached skill level 1 in Translocations
 14100 | Vaults:1 | Entered Level 1 of the Vaults
 14280 | Vaults:1 | Noticed Asterion
 14302 | Vaults:1 | Killed Asterion
 14302 | Vaults:1 | Reached skill level 1 in Spellcasting
 14520 | Vaults:1 | Found Tiabro Zymek's Jewellery Emporium.
 14527 | Vaults:1 | Bought an uncursed amulet of warding for 225 gold pieces
 14527 | Vaults:1 | Bought the amulet "Oschoxomp" {MR+ Regen+} for 639 gold pieces
 14689 | Vaults:2 | Reached skill level 5 in Evocations
 14713 | Vaults:2 | Found a staircase to the Crypt.
 14905 | Vaults:4 | Reached skill level 5 in Translocations
 15109 | Vaults:4 | Reached XP level 19. HP: 182/182 MP: 22/22
 15302 | Vaults:4 | Gained mutation: Your mind is acute. (Int +2) [potion of beneficial mutation]
 15437 | Vaults:5 | Entered Level 5 of the Vaults
 15439 | Vaults:5 | :(
 15440 | Vaults:5 | Noticed an ancient lich
 15692 | Vaults:5 | Reached skill level 10 in Invocations
 15969 | Vaults:5 | Gained mutation: You are covered in thick fur (AC +2). [evolution]
 16062 | Vaults:5 | Reached XP level 20. HP: 65/191 MP: 25/25
 16369 | Vaults:5 | Killed an ancient lich
 16463 | Vaults:5 | Reached skill level 15 in Invocations
 16545 | Vaults:5 | Got a smoking glass ring
 16751 | Vaults:5 | Identified the ring "Detuewn" {Ice Int+5} (You took it off a tengu reaver on level 5 of the Vaults)
 16876 | Vaults:5 | Reached XP level 21. HP: 198/198 MP: 28/28
 16937 | Vaults:5 | Noticed a golden dragon
 16949 | Vaults:5 | Killed a golden dragon
 16962 | Vaults:5 | Got a silver rune of Zot
 17087 | Vaults:2 | Found Rejal's Jewellery Shoppe.
 17262 | Crypt:1  | Entered Level 1 of the Crypt
 17297 | Crypt:3  | Entered Level 3 of the Crypt
 17461 | Crypt:3  | Reached skill level 5 in Spellcasting
 17542 | Crypt:3  | Got a scorched brass ring
 17543 | Crypt:3  | Identified the ring "Giskiyba" {rN+ Int+2} (You found it on level 3 of the Crypt)
 17546 | Crypt:3  | Got a sparkling platinum ring
 17548 | Crypt:3  | Identified the ring of the Scarab {rN+ MR- Dex+6} (You found it on level 3 of the Crypt)
 17649 | Crypt:3  | Found a staircase to the Tomb.
 17705 | Tomb:1   | Entered Level 1 of the Tomb of the Ancients
 17904 | Tomb:1   | Noticed a greater mummy
 17906 | Tomb:1   | Noticed a greater mummy
 18128 | Tomb:2   | Noticed a greater mummy
 18129 | Tomb:2   | Noticed a greater mummy
 18246 | Tomb:3   | Entered Level 3 of the Tomb of the Ancients
 18246 | Tomb:3   | Noticed Boris
 18256 | Tomb:2   | Killed Boris
 18345 | Tomb:3   | Noticed a greater mummy
 18345 | Tomb:3   | Noticed a greater mummy
 18345 | Tomb:3   | Noticed a greater mummy
 18345 | Tomb:3   | Noticed a greater mummy
 18345 | Tomb:3   | Noticed a greater mummy
 18347 | Tomb:3   | Noticed a greater mummy
 18347 | Tomb:3   | Got a golden rune of Zot
 18361 | Tomb:3   | Got a dazzling cloak
 18382 | Tomb:3   | Identified the +1 cloak "Sippyov" {Dex+2} (You found it on level 3 of the Tomb of the Ancients)
 18408 | Tomb:3   | Noticed a greater mummy
 18439 | Tomb:3   | Identified the Handbook of Dusty Unholy Rituals (You found it on level 3 of the Tomb of the Ancients)
 18444 | Tomb:3   | Learned a level 3 spell: Regeneration
 18449 | Tomb:3   | Got a smoking marble ring
 18456 | Tomb:3   | Learned a level 1 spell: Animate Skeleton
 18457 | Tomb:3   | Identified Ovagy's Collected Works on the Dislocated Oath (You found it on level 3 of the Tomb of the Ancients)
 18491 | Tomb:3   | Noticed a greater mummy
 18502 | Tomb:3   | Noticed a greater mummy
 18639 | Tomb:1   | Noticed a greater mummy
 18639 | Tomb:1   | Noticed a greater mummy
 18640 | Tomb:1   | Noticed a greater mummy
 18642 | Tomb:1   | Noticed an ancient lich
 18647 | Tomb:1   | Noticed a greater mummy
 18653 | Tomb:1   | Killed an ancient lich
 18653 | Tomb:1   | Reached skill level 1 in Charms
 18653 | Tomb:1   | Reached skill level 1 in Necromancy
 18676 | Tomb:1   | Identified the ring "Aqet" {rPois MP+9 Dex+5} (You found it on level 3 of the Tomb of the Ancients)
 18709 | Tomb:1   | Reached XP level 22. HP: 206/206 MP: 23/30
 18809 | Crypt:2  | Found a basalt altar of Yredelemnul.
 18995 | D:13     | Upgraded the game from 0.17-a0-2109-g117576f to 0.17-a0-2118-g63bad21
 19174 | D:14     | Found an opulent altar of Gozag.
 19188 | D:15     | Entered Level 15 of the Dungeon
 19308 | D:15     | Found a staircase to the Depths.
 19313 | Depths:1 | Entered Level 1 of the Depths
 19521 | Depths:2 | Reached skill level 5 in Necromancy
 19570 | Depths:3 | Found a corrupted altar of Lugonu.
 19570 | Depths:3 | Found a one-way gate to the infinite horrors of the Abyss.
 19593 | Depths:4 | Noticed Saint Roka
 19665 | Depths:3 | Found a one-way gate leading to the halls of Pandemonium.
 19694 | Pan      | Entered Pandemonium
 19737 | Pan      | Learned a level 5 spell: Phase Shift
 19855 | Pan      | Found an exit through the horrors of the Abyss.
 19916 | Pan      | Reached skill level 5 in Charms
 19968 | Pan      | Noticed Mennas
 19999 | Pan      | Found an exit through the horrors of the Abyss.
 20052 | Pan      | Entered the realm of Lom Lobon.
 20113 | Pan      | Noticed Lom Lobon
 20268 | Pan      | Got a magical rune of Zot
 20541 | Pan      | Noticed Lom Lobon
 20696 | Pan      | Found an exit through the horrors of the Abyss.
 20729 | Pan      | Got a jewelled cloak
 20864 | Pan      | Noticed Ulotterph the pandemonium lord
 20990 | Pan      | Noticed Mennas
 21000 | Pan      | Found an exit through the horrors of the Abyss.
 21150 | Pan      | Identified the +1 cloak of Evolution {rElec Slay+2 Stlth-} (You found it in Pandemonium)
 21201 | Pan      | Noticed Mennas
 21314 | Pan      | Found an exit through the horrors of the Abyss.
 21344 | Pan      | Gained mutation: Potions and wands are poor at restoring your health. [a neqoxec]
 21379 | Pan      | Entered the realm of Mnoleg.
 21429 | Pan      | Noticed Lom Lobon
 21480 | Pan      | Reached XP level 23. HP: 63/214 MP: 6/31
 21594 | Pan      | Noticed Mnoleg
 21680 | Pan      | Killed Mnoleg
 21706 | Pan      | Got a glowing rune of Zot
 21922 | Pan      | Noticed Waugoqan the pandemonium lord
 21926 | Pan      | Got a glittering jade ring
 21977 | Pan      | Found an exit through the horrors of the Abyss.
 21982 | Pan      | Entered the realm of Cerebov.
 22034 | Pan      | Lost mutation: Your magical capacity is low (-10% MP). [potion of cure mutation]
 22034 | Pan      | Lost mutation: You have a pair of small antennae on your head. [potion of cure mutation]
 22034 | Pan      | Lost mutation: Your mind is acute. (Int +2) [potion of cure mutation]
 22034 | Pan      | Lost mutation: You evolve. [potion of cure mutation]
 22034 | Pan      | Lost mutation: Your body sometimes deteriorates upon taking damage. [potion of cure mutation]
 22034 | Pan      | Lost mutation: You are partially covered in yellow scales (AC +2). [potion of cure mutation]
 22035 | Pan      | Lost mutation: Potions and wands are poor at restoring your health. [potion of cure mutation]
 22035 | Pan      | Lost mutation: You have a beak for a mouth. [potion of cure mutation]
 22035 | Pan      | Lost mutation: You have sharp toenails. [potion of cure mutation]
 22035 | Pan      | Lost mutation: You can breathe fire. [potion of cure mutation]
 22035 | Pan      | Lost mutation: You are covered in thick fur (AC +2). [potion of cure mutation]
 22036 | Pan      | Lost mutation: You can breathe flames. [potion of cure mutation]
 22036 | Pan      | Lost mutation: Potions and wands are less effective at restoring your health. [potion of cure mutation]
 22037 | Pan      | Gained mutation: You are partially covered in rugged brown scales (AC +1, +3% HP). [potion of beneficial mutation]
 22054 | Pan      | Found an exit through the horrors of the Abyss.
 22230 | Pan      | Noticed Cerebov
 22397 | Pan      | Identified the Catalogue of Conjuration (You found it in Pandemonium)
 22448 | Pan      | Got a fiery rune of Zot
 22455 | Pan      | Got a brightly glowing granite ring
 22464 | Pan      | Identified the ring "Imest" {+/*Tele Dex+5} (You found it in Pandemonium)
 22494 | Pan      | Entered the realm of Gloorx Vloq.
 22501 | Pan      | Identified the ring of the Scavenger {rN+ MR+ Str+2} (You found it in Pandemonium)
 22539 | Pan      | Got a slimy ivory ring
 22541 | Pan      | Found a gateway to a ziggurat.
 22561 | Zig:1    | Entered Level 1 of a ziggurat
 22592 | Zig:1    | Identified the ring "Kenkon" {rElec Stlth-} (You found it in Pandemonium)
 22599 | Zig:2    | Entered Level 2 of a ziggurat
 22620 | Zig:3    | Entered Level 3 of a ziggurat
 22655 | Zig:4    | Entered Level 4 of a ziggurat
 22721 | Zig:5    | Entered Level 5 of a ziggurat
 22766 | Zig:5    | Gained mutation: You are somewhat resistant to further mutation. [potion of beneficial mutation]
 22781 | Zig:6    | Entered Level 6 of a ziggurat
 22855 | Zig:7    | Entered Level 7 of a ziggurat
 22932 | Zig:7    | Identified the Tome of Displacement (You found it on level 7 of a ziggurat)
 22935 | Zig:8    | Entered Level 8 of a ziggurat
 22989 | Zig:8    | Reached skill level 10 in Evocations
 23051 | Zig:8    | Learned a level 6 spell: Statue Form
 23054 | Zig:9    | Entered Level 9 of a ziggurat
 23070 | Zig:9    | Reached skill level 1 in Earth Magic
 23070 | Zig:9    | Reached skill level 1 in Transmutations
 23154 | Zig:9    | Identified the Compendium of Conjuration and Ice (You found it on level 9 of a ziggurat)
 23166 | Pan      | Noticed Gloorx Vloq
 23170 | Pan      | Got a dark rune of Zot
 23224 | Pan      | Noticed Peosicw the pandemonium lord
 23419 | Pan      | Found an exit through the horrors of the Abyss.
 23433 | Pan      | Noticed Muhirauf the pandemonium lord
 23434 | Pan      | Noticed Ignacio
 23442 | Pan      | Noticed Lyesch the pandemonium lord
 23445 | Pan      | Killed Ignacio
 23445 | Pan      | Reached skill level 5 in Earth Magic
 23447 | Pan      | Reached XP level 24. HP: 56/229 MP: 16/34
 23450 | Pan      | Killed from afar by a hellion

Vault maps used:
D:1:      dpeg_arrival_prison, kennysheep_another_room, hangedman_glass_teeth
D:2:      gammafunk_temple_overflow_wave, uniq_robin
D:3:      moated_statue, kennysheep_potato
D:4:      wad_lake_hut, okawaru_metal_pillars_3
D:5:      grunt_temple_overflow_open, serial_shops, shop, shop, shop,
          kennysheep_little_box, first_bread, hangedman_decor_points,
          uniq_duvessa, uniq_crazy_yiuf_cottage, uniq_pikel
D:6:      minmay_temple_entry_trees
D:8:      lemuel_round_altar, minmay_overflow_temple_star_quad, basic_altar
D:9:      david_orc_1_choice, uniq_joseph
D:10:     erik_lair_dragon, serial_shops, shop, shop_scrolls,
          hangedman_little_slice_of_home
D:12:     xom_redecorated
D:13:     david_vaults_2, serial_shops, nicolae_shop_crystal, minmay_misc_feat_x
D:14:     nicolae_gozag_seed_capital
D:15:     grunt_enter_depths_magical_seal, serial_park_tiny_2,
          statue_in_the_mist_lemuel
Temple:   chambers_temple_10
Lair:1:   st_stairs_9, beast_lair_carwin_3, grunt_megastairs_2
Lair:2:   uniq_erica, uniq_urug
Lair:3:   elwin_shoals_entry_rocks, small_statue_intersection
Lair:4:   minmay_snake_entry_guardpost_small
Lair:5:   lemuel_fruit_tree, uniq_snorg
Lair:6:   slime_altar_1, minivault_25, beast_lair_carwin_5, serial_bayou_shore_b
Lair:7:   dragon1_lemuel, lemuel_fruit_fields
Lair:8:   wormcave, hangedman_lair_in_review, minmay_lair_oklob_bushes
Shoals:2: nicolae_shoals_wave_tunnel
Shoals:3: serial_shops, nicolae_shop_trees
Shoals:4: shoals_end_grunt_ice, shoals_ilsuiw_alternative,
          nicolae_shoals_square_sea_wall
Snake:1:  uniq_donald
Snake:2:  serial_bayou_shore_b
Snake:4:  snake_pit
Orc:1:    lemuel_ogre_cave
Orc:2:    roderic_batcave, guppyfry_library_mini, uniq_harold
Orc:3:    nicolae_orc_pool_cavern, nicolae_orc_stony_grotto
Orc:4:    pubby_orc_utopia
Elf:1:    serial_shops, shop_statue, hangedman_elf_disciples, uniq_kirke
Elf:2:    serial_shops, shop, lemuel_statue_altar
Elf:3:    elf_hall, minivault_26, solitary_fountain
Vaults:1: v_misc_17, v_misc_22, hangedman_vaults_corner, grunt_vaults_diagonal,
          nicolae_vaults_ring_of_whatevers, v_alt_pattern_6,
          dpeg_vaults_monster_row, hangedman_vaults_snaps,
          ontoclasm_vaults_ligature, special_room_vaults, vaults_mumra_hexcomb,
          vaults_room_grunt_arrival_ludios, vaults_room_octagon,
          vaults_dpeg_encased_lava, ontoclasm_vaults_tryst,
          nicolae_vaults_angled_halls, serial_shops, shop_fountains,
          uniq_asterion
Vaults:2: st_more_cells, minmay_crypt_entry_simple_walls,
          dpeg_vaults_monster_box, metal_show, ontoclasm_vaults_gateway,
          v_misc_27, nicolae_vaults_sealed_display, hangedman_vaults_slice,
          nicolae_vaults_shelves_hall, serial_shops, shop_fountains
Vaults:3: v_misc_4, v_misc_25, hangedman_vaults_river_flow,
          vaults_mumra_minichess, hangedman_vaults_stream,
          nicolae_vaults_triangles, hangedman_vaults_corner_blocks,
          vaults_dpeg_diagonal, v_misc_5, nicolae_vaults_theta, serial_shops,
          nicolae_shop_behind_doors
Vaults:4: v_rooms_4, v_rooms_2, ontoclasm_vaults_chip, ontoclasm_vaults_pinch,
          grunt_vaults_focal, st_check, nicolae_vaults_shelves_hall, v_misc_3,
          v_misc_22, nicolae_vaults_little_ls, ontoclasm_vaults_eye,
          ontoclasm_vaults_fault, serial_shops, nicolae_shop_crystal
Crypt:1:  st_stairs_8, uniq_sojobo
Crypt:2:  minivault_26, hangedman_blasphemy
Crypt:3:  evilmike_haunted_forest
Tomb:3:   uniq_boris
Depths:1: hell_entry, lemuel_round_altar, minmay_misc_feat_nine_boxes,
          hangedman_cracks_in_the_wall
Depths:2: minmay_stepped, hangedman_decor_riveting, hell_entry,
          infiniplex_staircase_spiral, grunt_megastairs_3
Depths:3: grunt_twisty_corner, serial_sigils, serial_sigils_hangedman_writhe,
          serial_sigils_hangedman_scratch, serial_sigils_hangedman_scar,
          serial_sigils_hangedman_clutch, serial_sigils_hangedman_gnaw,
          pf_hell_entry_tar_river, rand_demon_pan_entry_9, serial_shops,
          nicolae_shop_behind_doors, shop, nicolae_shop_crystal,
          kennysheep_mini, nicolae_shop_statue_plus, abyss_entry_flame_altar,
          corexii_corridor_pit, minmay_fountain_box
Depths:4: evilmike_negative_zone, enter_ziggurat_b, patterned_corridor,
          hell_entry, serial_glass, glass_columns_c, glass_columns_c,
          glass_columns_a, glass_columns_b, glass_columns_a, glass_columns_a,
          glass_columns_b, glass_columns_b, glass_columns_a, glass_columns_c,
          abyss_entry, minmay_staircase_statues, uniq_margery, uniq_enchantress,
          uniq_saint_roka, uniq_jorgrun
Pan:      evilmike_mini_pan_layers, pan_blood_fountain,
          evilmike_mini_pan_doors_b, uniq_mennas_pan, nicolae_pan_mnolegish_1,
          evilmike_mini_pan_thingy, pan_blood_fountain,
          nicolae_pan_gloorx_vloqian_2, lom_lobon_st, nicolae_pan_mnolegish_5,
          grunt_pan_sceptre, uniq_mennas_pan, uniq_lom_lobon,
          nicolae_pan_cerebovesque_1, evilmike_mini_pan_branches,
          pan_blood_fountain_small, rand_demon_8, uniq_lom_lobon, rand_demon_4,
          uniq_mennas_pan, grunt_pan_spiral, nicolae_pan_cerebovesque_2,
          reaverb_pan_chaos_star, reaverb_pan_squares,
          evilmike_mini_pan_pillars_b, uniq_lom_lobon, uniq_mennas_pan,
          pan_blood_fountain, mnoleg, uniq_lom_lobon, pan_captured_pigsty,
          nicolae_pan_mnolegish_3, nicolae_pan_sigil_itan, evilmike_holy_pan,
          evilmike_mini_pan_pillars_b, uniq_lom_lobon, pan_blood_fountain_small,
          cerebov_grunt_fire_and_steel, nicolae_pan_gloorx_vloqian_4,
          evilmike_gloorx_vloq_box, pan_blood_fountain_small,
          enter_ziggurat_pan_a, nicolae_pan_glass_arcs, pan_blood_fountain,
          evilmike_mini_pan_other_thingy, enter_ziggurat_pan_a,
          pan_blood_fountain, nicolae_pan_diamonds, uniq_ignacio,
          lemuel_hellion_island, uniq_cerebov, uniq_gloorx_vloq
Zig:8:    ziggurat_pillar_centre_oklobs

Action                   |  1- 3 |  4- 6 |  7- 9 | 10-12 | 13-15 | 16-18 | 19-21 | 22-24 || total
-------------------------+-------+-------+-------+-------+-------+-------+-------+-------++-------
Melee: Unarmed           |    87 |    91 |   209 |   895 |   745 |  1369 |  1236 |  1342 ||  5974
Throw: Large rock        |       |       |    17 |    12 |    77 |    73 |    40 |    23 ||   242
       Throwing net      |       |       |     3 |     1 |       |       |       |       ||     4
 Cast: Apportation       |       |       |       |       |       |     3 |    38 |    66 ||   107
       Blink             |       |       |       |       |       |       |     3 |     5 ||     8
       Passage of Golubr |       |       |       |       |       |       |     2 |    30 ||    32
       Regeneration      |       |       |       |       |       |       |       |    66 ||    66
       Animate Skeleton  |       |       |       |       |       |       |       |    18 ||    18
       Repel Missiles    |       |       |       |       |       |       |       |     2 ||     2
Invok: Temporal Distorti |       |       |       |     8 |     3 |       |     2 |     4 ||    17
       Slouch            |       |       |       |     9 |    21 |     2 |     9 |    13 ||    54
       Step From Time    |       |       |       |       |       |       |       |     4 ||     4
 Abil: Breathe Fire      |       |       |       |     2 |       |       |       |       ||     2
       Evoke Teleportati |       |       |       |       |    10 |    39 |    48 |   204 ||   301
Evoke: Wand              |       |       |     1 |     2 |    16 |    14 |    18 |     7 ||    58
       Deck              |       |       |       |       |     2 |       |     1 |       ||     3
       Box of beasts     |       |       |       |       |       |     2 |       |       ||     2
       Fan of gales      |       |       |       |       |       |     1 |       |       ||     1
       Sack of spiders   |       |       |       |       |       |     1 |       |       ||     1
       Phantom mirror    |       |       |       |       |       |     1 |       |       ||     1
       Staff of energy   |       |       |       |       |       |       |       |    75 ||    75
  Use: Scroll            |       |       |     7 |    21 |    18 |    14 |    15 |    17 ||    92
       Potion            |       |       |     1 |     4 |     8 |     7 |    14 |    13 ||    47
 Stab: Sleeping          |     1 |       |       |     6 |       |       |       |       ||     7
       Held in net/web   |       |       |     2 |       |       |       |       |       ||     2
       Distracted        |       |       |       |     2 |       |     2 |       |       ||     4
       Invisible         |       |       |       |       |     1 |     1 |       |       ||     2
       Petrified         |       |       |       |       |       |     2 |       |       ||     2
  Eat: Chunk             |     8 |     4 |    14 |    34 |    29 |    38 |    27 |    48 ||   202
       Beef jerky        |       |       |       |       |     1 |     1 |     1 |     2 ||     5
       Bread ration      |       |       |       |       |     1 |       |       |     9 ||    10
       Fruit             |       |       |       |       |     2 |       |     2 |       ||     4
       Royal jelly       |       |       |       |       |       |     3 |     4 |     7 ||    14
       Pizza             |       |       |       |       |       |     1 |     1 |     2 ||     4
       Meat ration       |       |       |       |       |       |       |       |     1 ||     1
